 Dungeon Crawl Stone Soup version 0.25-a0-285-gcba6f664f8 (webtiles) character file.

Game seed: 12096445845076257726, levelgen mode: deterministic

105 toffzen the Covered (level 4, -5/29 HPs)
             Began as a Gargoyle Fighter on Dec 11, 2019.
             Killed by divine providence
             ... invoked by an orc priest
              (16 damage)
             ... on level 3 of the Dungeon.
             The game lasted 00:04:00 (2040 turns).

toffzen the Covered (Gargoyle Fighter)              Turns: 2040, Time: 00:04:01

Health: -5/29      AC: 16    Str: 24    XL:     4   Next: 83%
Magic:  4/4        EV:  5    Int:  9    God:
Gold:   175        SH:  9    Dex: 10    Spells: 3/3 levels left

rFire    . . .     SeeInvis .   a - +0 flail
rCold    . . .     Gourm    .   c - +0 shield
rNeg     + . .     Faith    .   m - +0 plate armour
rPois    ∞         Spirit   .   (no helmet)
rElec    +         Reflect  .   (no cloak)
rCorr    .         Harm     .   q - +0 pair of gloves
MR       .....                  (no boots)
Stlth    ..........             (no amulet)
HPRegen  0.09/turn              (no ring)
MPRegen  0.09/turn              (no ring)

@: mighty
A: negative energy resistance 1, electricity resistance, unbreathing,
petrification resistance, rot immunity, AC +3
a: no special abilities


You were on level 3 of the Dungeon.
You were not hungry.

You visited 1 branch of the dungeon, and saw 3 of its levels.

You collected 175 gold pieces.

Inventory:

Hand Weapons
 a - a +0 flail (weapon)
Missiles
 g - 56 sling bullets
 j - 29 stones (quivered)
 z - 8 poisoned darts
Armour
 b - a +0 scale mail
 c - a +0 shield (worn)
 m - a +0 plate armour (worn)
 q - a +0 pair of gloves (worn)
Scrolls
 i - a scroll of fog {unknown}
 k - a scroll of amnesia {unknown}
 o - a scroll of blinking {unknown}
 p - a scroll of fear {unknown}
 t - a scroll of immolation {unknown}
 u - a scroll of enchant weapon {unknown}
 v - a scroll of teleportation {unknown}
 w - a scroll of remove curse {unknown}
 x - a scroll of identify {unknown}
 y - a scroll of enchant armour {unknown}
 A - a scroll of random uselessness {unknown}
Potions
 e - 4 potions of agility {unknown}
 h - a potion of brilliance {unknown}
 l - a potion of degeneration {unknown}
 n - a potion of heal wounds {unknown}
 r - a potion of curing {unknown}
Comestibles
 f - 4 rations
 s - 5 chunks of flesh


   Skills:
 + Level 3.7 Fighting
 * Level 3.1 Maces & Flails
 + Level 3.8 Armour
 + Level 1.4 Dodging
 + Level 3.8 Shields


You had 3 spell levels left.
You didn't know any spells.
Your spell library was empty.

Dungeon Overview and Level Annotations

Branches:
Dungeon (3/15)

Altars:
Ashenzari
Nemelex Xobeh


Innate Abilities, Weirdness & Mutations

You are resistant to torment.
Your stone body is resilient. (AC +3)
You are immune to poison.
You resist negative energy. (rN+)
You are resistant to electric shocks. (rElec)
You can survive without breathing.
You are immune to petrification.
You are immune to rotting.


Message History

You sock the goblin!
You kill the goblin!
You block the orc's attack.
Your shield and plate armour prevent you from hitting the orc.
You block the orc's attack.
You sock the orc!
You kill the orc!
The orc hits you but does no damage.
You sock the orc!
You kill the orc!
You block the orc's attack.
Your plate armour prevents you from hitting the orc.
You block the orc's attack.
Your plate armour prevents you from hitting the orc.
The orc priest casts a cantrip, but nothing happens.
The orc barely misses you.
The orc priest calls down the wrath of Beogh upon you.
Beogh smites you!
Ouch! That really hurt!
You die...

............####
....#.........#
....'.......#
#.......#
#.......########
#.......#......#
#......o#.####.#
#....ooo#.# #.#
#....go.#@# #.###
##......#o####...#
#......oo....##.#
#...............#
#.......####.####
#####.......#
#....#
#...........#
####.#
#..........## #
####..........#


You could see an orc priest and 2 orcs.

Vanquished Creatures
  2 adders (D:2)
  2 worms
  2 dart slugs (D:2)
  5 leopard geckos
  6 orcs (D:3)
  4 bats
  2 giant cockroaches
  6 goblins
  6 hobgoblins
  10 jackals
  9 kobolds
  2 frilled lizards
  5 rats
61 creatures vanquished.

Notes
Turn   | Place    | Note
-------+----------+-------------------------------------------
     0 | D:1      | toffzen the Gargoyle Fighter began the quest for the Orb.
     0 | D:1      | Reached XP level 1. HP: 14/14 MP: 1/1
    45 | D:1      | Reached XP level 2. HP: 18/19 MP: 2/2
   381 | D:1      | Reached XP level 3. HP: 23/23 MP: 3/3
   718 | D:2      | Reached skill level 1 in Dodging
  1073 | D:2      | Found a sparkling altar of Nemelex Xobeh.
  1169 | D:2      | Reached XP level 4. HP: 28/28 MP: 4/4
  1242 | D:2      | Found a shattered altar of Ashenzari.
  1774 | D:3      | Noticed a hungry ghost
  2040 | D:3      | Killed from afar by an orc priest

Levels and vault maps discovered:
D:1:      dpeg_arrival_pits, layout_rooms, minmay_misc_feat_enclosed
D:2:      layout_basic, nemelex_xobeh_ov_fountains_minmay,
          ashenzari_conservatory_becter, minmay_misc_feat_chi
D:3:      layout_basic, xom_redecorated

Skill      XL: |  1  2  3  4 |
---------------+-------------+-----
Dodging        | 1 |  1.4
Maces & Flails | 3 |  3.1
Fighting       | |  3.7
Armour         | |  3.8
Shields        | |  3.8

Action                   |  1- 3 |  4- 6 || total
-------------------------+-------+-------++-------
Melee: Flail             |   113 |   102 ||   215
  Use: Potion            |       |     1 ||     1
  Eat: Chunk             |     1 |     3 ||     4
Armor: Scale mail        |    40 |       ||    40
       Plate armour      |    26 |    67 ||    93
Dodge: Dodged            |    37 |    25 ||    62
Block: Shield            |    74 |    67 ||   141

Table legend:
 A = Non-vault XP
 B = Vault XP
 C = Vault XP percentage of total XP
 D = Non-vault monster count
 E = Vault monster count
 F = Vault count percentage of total count
                 A         B        C        D         E       F
            +---------+---------+-------+---------+---------+-------
      Total |     151 |       0 |   0.0 |      61 |       0 |   0.0
            +---------+---------+-------+---------+---------+-------
        D:1 |      37 |       0 |   0.0 |      21 |       0 |   0.0
        D:2 |      62 |       0 |   0.0 |      18 |       0 |   0.0
        D:3 |      52 |       0 |   0.0 |      22 |       0 |   0.0
            +---------+---------+-------+---------+---------+-------
